 Dungeon Crawl Stone Soup version 0.24-a0-783-ge536774 (webtiles) character file.

Game seed: 6428800684367844501, levelgen mode: deterministic

539 DrEnzyme the Covered (level 7, -9/62 HPs)
             Began as a Naga Wanderer on Oct 8, 2019.
             Engulfed by a cloud of flame (15 damage)
             ... on level 4 of the Dungeon.
             The game lasted 00:27:49 (2652 turns).

DrEnzyme the Covered (Naga Wanderer)                Turns: 2652, Time: 00:27:49

Health: -9/62      AC:  9    Str: 14    XL:     7   Next: 26%
Magic:  7/7        EV:  7    Int: 11    God:
Gold:   159        SH:  0    Dex: 14    Spells: 6/6 levels left

rFire    . . .     SeeInvis +   a - +2 whip (elec)
rCold    . . .     Gourm    .   (no shield)
rNeg     . . .     Faith    .   c - +3 scale mail
rPois    +         Spirit   .   (no helmet)
rElec    .         Reflect  .   (no cloak)
rCorr    .         Harm     .   (no gloves)
MR       .....                  (no barding)
Stlth    +.........             l - amulet of magic regeneration
HPRegen  0.20/turn              (no ring)
MPRegen  0.35/turn              (no ring)

@: very slow
A: large, see invisible, deformed body, poison resistance, slowness 2, slow
metabolism 1, spit poison 1, AC +2
a: Spit Poison


You were on level 4 of the Dungeon.
You were hungry.

You visited 1 branch of the dungeon, and saw 4 of its levels.

You collected 159 gold pieces.

Inventory:

Hand Weapons
 a - a +2 whip of electrocution (weapon)
 b - a +0 shortbow
 s - a +0 hand axe of flaming
Missiles
 d - 37 arrows
 i - 2 boomerangs (quivered)
Armour
 c - a +3 scale mail (worn)
Jewellery
 l - an amulet of magic regeneration (around neck)
Wands
 q - a wand of flame (35)
Scrolls
 j - a scroll of remove curse
Potions
 h - 2 potions of curing
Comestibles
 f - 9 rations


   Skills:
 * Level 3.4 Fighting
 + Level 2.7(2.8) Axes
 + Level 0.9(2.0) Maces & Flails
 + Level 3.4 Bows
 + Level 0.8 Throwing
 + Level 4.5 Armour
 + Level 0.9 Dodging
 * Level 3.0 Stealth
   Level 1.5 Shields
 + Level 0.9 Evocations


You had 6 spell levels left.
You didn't know any spells.
Your spell library was empty.

Dungeon Overview and Level Annotations

Branches:
Dungeon (4/15)
 Temple: D:4-7

Altars:
Vehumet
Yredelemnul
Zin


Innate Abilities, Weirdness & Mutations

You cannot wear boots.
Your serpentine skin is tough. (AC +2)
You have supernaturally acute eyesight. (SInv)
Armour fits poorly on your strangely shaped body.
Your system is resistant to poisons. (rPois)
You cover ground very slowly.
You have a slow metabolism.
You can spit poison.


Message History

You feel slightly more hungry. The bullfrog hits you. Purgy bites you.
Purgy closely misses you. Purgy barely misses you. The bullfrog hits you.
You closely miss Purgy.
Purgy is severely wounded.
Purgy barely misses you. Purgy claws you. Purgy barely misses you.
The bullfrog barely misses you.
You hit Purgy. Lightning courses through Purgy!
Purgy is almost dead.
You have got your breath back.
The bullfrog barely misses you. Purgy barely misses you. Purgy claws you.
Purgy claws you but does no damage.
The bullfrog hits you but does no damage.
You hit Purgy. Lightning courses through Purgy!
Purgy explodes!
The fiery explosion engulfs you!!
* * * LOW HITPOINT WARNING * * *
You feel a bit more experienced.
Your Stealth skill increases to level 3!
You are engulfed in blazing flames.
You die...

,,,,,*,,,* #######.....)...
,,,,.*,,** ##.......#.......
,,,,..,** #..#######>......
,,,,*#O** ###.## #.......
,,,,*#..#######...# ####.###
,,,,**#.........### ##.### ,,,,*
####..#####*##########.....
,,,,*##.....######...........##.#
,,,,........(((F@§...............
,,,,#...#####°###§§..........##.#
,,,,#....?.hT........#.#.####*#.#
,,,,.......h......##...#.# #..
,,,,.*...................## ##.
****,*.....h........#*#.<.## #. *
*,,.............## ###..## #.
*****,####.........# ###..# ##
,,,,,,,,,.........######....# #


You could see a bullfrog.

Vanquished Creatures
  Sigmund (D:4)
  Purgy (D:4)
  An ogre (D:4)
  An orc priest (D:3)
  Natasha (D:4)
  A hound skeleton (D:4)
  Robin (D:3)
  A gnoll (D:3)
  2 adders
  2 oozes
  3 worms
  4 leopard geckos
  5 orcs (D:3)
  A ball python (D:3)
  4 giant cockroaches
  9 hobgoblins
  4 jackals
  A quokka (D:3)
  7 bats
  3 frilled lizards
  20 goblins
  7 kobolds
  11 rats
91 creatures vanquished.

Notes
Turn   | Place    | Note
-------+----------+-------------------------------------------
     0 | D:1      | DrEnzyme the Naga Wanderer began the quest for the Orb.
     0 | D:1      | DrEnzyme set off with the following items: a +0 hand axe, a
                  | +2 scale mail, a +0 shortbow, 21 arrows, a ration
     0 | D:1      | Reached XP level 1. HP: 19/19 MP: 1/1
   177 | D:1      | Reached XP level 2. HP: 22/26 MP: 2/2
   303 | D:1      | Reached XP level 3. HP: 24/32 MP: 3/3
   754 | D:2      | Found a glowing silver altar of Zin.
   754 | D:2      | Found a basalt altar of Yredelemnul.
   913 | D:2      | Reached skill level 1 in Axes
   928 | D:2      | Found a faded altar of an unknown god.
  1124 | D:2      | Reached skill level 4 in Armour
  1124 | D:2      | Reached XP level 4. HP: 39/39 MP: 4/4
  1793 | D:3      | Noticed Robin
  1804 | D:3      | Killed Robin
  1821 | D:3      | Reached XP level 5. HP: 35/46 MP: 5/5
  2216 | D:3      | Found a radiant altar of Vehumet.
  2394 | D:4      | Noticed Natasha
  2400 | D:4      | Killed Natasha
  2430 | D:4      | Noticed Sigmund
  2441 | D:4      | Killed Sigmund
  2441 | D:4      | Reached XP level 6. HP: 27/56 MP: 6/6
  2630 | D:4      | Noticed Purgy
  2647 | D:4      | Reached XP level 7. HP: 50/62 MP: 7/7
  2652 | D:4      | Killed Purgy
  2652 | D:4      | Engulfed by a cloud of flame

Levels and vault maps discovered:
D:1:      dpeg_arrival_morbid_curiosity, layout_basic
D:2:      layout_loops_ring, gammafunk_temple_overflow_wave,
          chequers_ecumenical_altar_island
D:3:      layout_basic, lemuel_crystal_altar, minmay_circle_x, uniq_robin
D:4:      layout_rooms, grunt_dithmenos_smoke, lemuel_crystal_altar,
          uniq_crazy_yiuf_cottage, uniq_sigmund, uniq_natasha, uniq_purgy

Skill      XL: |  1  2  3  4  5  6  7 |
---------------+----------------------+-----
Bows           | 2 3 |  3.4
Axes           | 1 2 |  2.7
Armour         | 4 |  4.5
Fighting       | 3 |  3.4
Stealth        | 2 3 |  3.0
Maces & Flails | |  0.9
Throwing       | |  0.8
Dodging        | |  0.9
Shields        | |  1.5
Evocations     | |  0.9

Action                   |  1- 3 |  4- 6 |  7- 9 || total
-------------------------+-------+-------+-------++-------
Melee: Hand axe          |    97 |    84 |       ||   181
       Whip              |       |    23 |     4 ||    27
 Fire: Shortbow          |    27 |    13 |       ||    40
Throw: Boomerang         |       |     3 |       ||     3
       Dart              |       |     9 |       ||     9
 Abil: Spit Poison       |    13 |    21 |     1 ||    35
Evoke: Wand              |       |     5 |       ||     5
  Use: Scroll            |     4 |     5 |       ||     9
       Potion            |       |     4 |       ||     4
  Eat: Chunk             |     1 |     5 |       ||     6
Armor: Scale mail        |    79 |    53 |     8 ||   140
Dodge: Dodged            |    40 |    43 |     7 ||    90

Table legend:
 A = Non-vault XP
 B = Vault XP
 C = Vault XP percentage of total XP
 D = Non-vault monster count
 E = Vault monster count
 F = Vault count percentage of total count
                 A         B        C        D         E       F
            +---------+---------+-------+---------+---------+-------
      Total |     327 |     443 |  57.5 |      66 |      25 |  27.5
            +---------+---------+-------+---------+---------+-------
        D:1 |      36 |       8 |  18.2 |      17 |       5 |  22.7
        D:2 |      46 |       0 |   0.0 |      20 |       0 |   0.0
        D:3 |     105 |      59 |  36.0 |      24 |      17 |  41.5
        D:4 |     140 |     376 |  72.9 |       5 |       3 |  37.5
            +---------+---------+-------+---------+---------+-------
